 Dungeon Crawl Stone Soup version 0.28.0 (webtiles) character file.

Game seed: 15456367218007171864

14282 Kold the Martial Artist (level 11, -2/82 HPs)
             Began as a Demonspawn Monk on Feb 10, 2022.
             Was a High Priest of Nemelex Xobeh.
             Slain by a basilisk (3 damage)
             ... while petrified by a basilisk
             ... on level 2 of the Lair of Beasts.
             The game lasted 00:31:10 (15007 turns).

Kold the Martial Artist (Demonspawn Monk)          Turns: 15007, Time: 00:31:11

Health: -2/82      AC: 16    Str: 12    XL:     11   Next: 86%
Magic:  18/18      EV:  2    Int: 18    God:    Nemelex Xobeh [*****.]
Gold:   526        SH:  0    Dex: 19    Spells: 4/10 levels left

rFire   . . .      SeeInvis .     - Unarmed
rCold   . . .      Faith    .   (shield currently unavailable)
rNeg    + + +      Spirit   .   j - +0 troll leather armour
rPois   ∞          Reflect  +   R - +2 hat
rElec   .          Harm     .   r - +1 cloak
rCorr   .          Rampage  .   (gloves currently unavailable)
Will    .....                   N - +0 pair of boots
Stlth   ++........              I - amulet of reflection
HPRegen 1.03/turn               P - +4 ring of protection
MPRegen 0.32/turn               o - +6 ring of intelligence

@: blade hands (expiring), petrified
A: slimy green scales 2, powered by pain 2, robust 1, magic regeneration,
weakness stinger 1
a: End Transformation, Renounce Religion, Draw Escape, Draw Destruction, Draw
Summoning, Triple Draw, Deal Four, Stack Five


You were on level 2 of the Lair of Beasts.
You worshipped Nemelex Xobeh.
Nemelex Xobeh was extremely pleased with you.
You had blades for hands.
You visited 2 branches of the dungeon, and saw 11 of its levels.
You also visited: Ossuary.

You collected 559 gold pieces.
You spent 33 gold pieces at shops.

Inventory:

Armour
 j - a +0 troll leather armour (worn)
 l - the +0 buckler of the Peach {rPois Int+4}
   (You found it on level 2 of the Dungeon)

   Int:       It affects your intelligence (+4).
   rPois:     It protects you from poison.
 p - a +2 pair of gloves (melded)
 r - a +1 cloak (worn)
 N - a +0 pair of boots (worn)
 R - a +2 hat (worn)
Jewellery
 e - a ring of fire
 o - a +6 ring of intelligence (right blade hand)
 s - a ring of wizardry
 z - a ring of wizardry
 E - a ring of positive energy
 G - a ring of see invisible
 I - an amulet of reflection (around neck)
 P - a +4 ring of protection (left blade hand)
Wands
 k - a wand of paralysis (6)
 u - a wand of iceblast (6)
 C - a wand of flame (8)
 D - a wand of acid (5)
 O - a wand of mindburst (7)
 Q - a wand of polymorph (5)
Scrolls
 c - 2 scrolls of enchant armour
 d - 4 scrolls of fear
 f - 7 scrolls of teleportation
 h - a scroll of amnesia
 n - 2 scrolls of torment {unknown}
 t - 3 scrolls of fog
 w - a scroll of enchant weapon
 y - a scroll of blinking
 H - 5 scrolls of identify
 L - a scroll of immolation {unknown}
 M - a scroll of holy word {unknown}
 S - a scroll of silence {unknown}
 T - 3 scrolls of vulnerability {unknown}
Potions
 a - a potion of berserk rage {unknown}
 b - a potion of might {unknown}
 g - 4 potions of curing
 i - 2 potions of brilliance
 m - 3 potions of flight
 q - 2 potions of heal wounds
 v - 2 potions of haste
 x - a potion of attraction {unknown}
 A - a potion of invisibility {unknown}
 B - a potion of mutation
 F - 2 potions of resistance {unknown}
 J - a potion of ambrosia {unknown}
 K - 2 potions of lignification {unknown}


   Skills:
 - Level 3.0 Fighting
 - Level 2.7 Dodging
 - Level 1.8 Stealth
 + Level 12.4 Unarmed Combat
 + Level 10.9 Transmutations
 - Level 10.0 Invocations


You had 4 spell levels left.
You knew the following spells:

 Your Spells              Type           Power      Damage    Failure   Level
a - Blade Hands           Tmut           19%        N/A       43%         5
b - Sting                 Tmut/Pois      76%        1d6       26%         1

Your spell library contained the following spells:

 Spells                   Type           Power      Damage    Failure   Level
 Poisonous Vapours        Pois/Air       0%         N/A       80%         2
 Static Discharge         Conj/Air       0%         N/A       80%         2
 Gell's Gravitas          Tloc           0%         N/A       93%         3
 Portal Projectile        Hex/Tloc       0%         N/A       93%         3
 Stone Arrow              Conj/Erth      0%         3d7       93%         3
 Teleport Other           Tloc           0%         N/A       93%         3
 Animate Armour           Summ/Erth      0%         N/A       99%         4
 Leda's Liquefaction      Hex/Erth       0%         N/A       99%         4
 Olgreb's Toxic Radiance  Pois           0%         N/A       99%         4
 Excruciating Wounds      Necr           0%         N/A       100%        5
 Lightning Bolt           Conj/Air       0%         1d11      100%        5
 Dispersal                Tloc           0%         N/A       100%        6
 Lehudib's Crystal Spear  Conj/Erth      0%         10d2      100%        8
 Maxwell's Capacitive Co  Air            0%         ∞         100%        8
 Shatter                  Erth           0%         3d5*      100%        9


Dungeon Overview and Level Annotations

Branches:
Dungeon (9/15)             Temple (0/1) D:6            Lair (2/6) D:9
    Orc (0/2) D:9         Ossuary (visited)
  Swamp: Lair:2-4    Shoals: Lair:2-4     Snake: Lair:2-4    Spider: Lair:2-4

Altars:
Ashenzari
Elyvilon
Kikubaaqudgha
Nemelex Xobeh
Sif Muna
Uskayaw
Vehumet
Xom
Yredelemnul
Zin
Beogh

Shops:
D:5 *   D:8 !

Annotations:
D:4 1 exclusion


Innate Abilities, Weirdness & Mutations

You have blades for hands.
You are immune to poison.
Your spellcasting is less reliable in this form.
You are incapable of wielding weapons or throwing items.
You are mostly covered in slimy green scales. (AC +3)
You sometimes gain power by taking damage.
You are robust. (+10% HP)
You regenerate magic rapidly.
You have a small tail.


Message History

The killer bee stings you. The basilisk bites you!
The manticore bites you but does no damage.
The manticore claws you. The manticore claws you! The killer bee stings you!
The basilisk bites you but does no damage.
The killer bee stings you but does no damage.
The manticore bites you but does no damage.
The manticore claws you but does no damage. x2
The basilisk bites you but does no damage.
Your transformation is almost over.
The killer bee is no longer moving slowly.
The killer bee stings you. The manticore bites you.
The manticore barely misses you. The manticore claws you.
The killer bee stings you but does no damage.
The basilisk bites you but does no damage.
The killer bee stings you. The manticore bites you!
The manticore claws you but does no damage. x2
The killer bee stings you but does no damage.
The basilisk bites you. The killer bee stings you. The manticore bites you.
The manticore claws you but does no damage.
The manticore claws you. The basilisk gazes at you. The killer bee stings you.
* * * LOW HITPOINT WARNING * * *
The killer bee stings you but does no damage.
The manticore bites you!!
* * * LOW HITPOINT WARNING * * *
The manticore claws you but does no damage. x2
The killer bee completely misses you. The basilisk bites you!
* * * LOW HITPOINT WARNING * * *
The killer bee stings you.
* * * LOW HITPOINT WARNING * * *
The manticore bites you!
* * * LOW HITPOINT WARNING * * *
The manticore claws you!
* * * LOW HITPOINT WARNING * * *
The manticore claws you but does no damage.
The killer bee stings you. The basilisk bites you!
You die...
Your body glows slightly and disappears.

#
#.#...###.###.###.###.#
#.#..#...#(..#...#...#
.. #....
#...#...#...#... ..
#.#.###.###.###.###.##
#....#...#...#...# ..
#...#...#...#...
##.###.###.###.##
#...#H#.#... ..
#....#.y@#...# #..
#...###l###.## #.#
#.... #.†.# ..
#.#......#l.. .. #
#..##.# #.## ... .. ..
..# #.. ..# #.# #.. ..


You could see a manticore, a basilisk and a killer bee.

Vanquished Creatures
  A hydra (Lair:1)
  A manticore (Lair:2)
  An ugly thing (D:6)
  An elephant (D:9)
  The ghost of Jerry the Shield-Bearer, a novice DgFi (D:5)
  3 rime drakes
  A blink frog (Lair:2)
  12 yaks (Lair:1)
  A wraith (D:9)
  2 wyverns (D:9)
  A fire bat (D:6)
  2 steam dragons (D:9)
  A basilisk (D:9)
  A naga (D:5)
  An acid dragon (D:4)
  4 water moccasins
  An orc warrior (D:9)
  4 black bears
  2 hornet zombies
  An ice beast (D:7)
  A sky beast (D:6)
  2 ogres
  2 centaurs (D:9)
  8 wolves
  A phantom (D:6)
  A gnoll sergeant (D:8)
  4 scorpions
  5 bullfrogs
  2 wyvern zombies (Ossuary)
  2 water moccasin zombies
  12 wights
  28 killer bees
  A water moccasin skeleton (D:7)
  A howler monkey (D:5)
  An electric eel (D:8)
  8 centaur zombies
  9 bullfrog zombies
  7 hounds
  2 jellies
  6 orc priests
  Crazy Yiuf (D:7)
  A centaur skeleton (D:6)
  2 gnoll shamans (D:4)
  A bullfrog skeleton (D:6)
  An iguana (D:6)
  13 mummies (Ossuary)
  5 orc wizards
  A killer bee zombie (D:7)
  A hound zombie (D:5)
  A hound skeleton (D:5)
  14 gnolls
  A howler monkey skeleton (D:7)
  9 adders
  3 river rats
  A shadow imp (D:6)
  A white imp (D:5)
  2 adder skeletons (D:4)
  An adder zombie (D:5)
  2 worms
  27 orcs
  5 endoplasms
  A giant cockroach (D:2)
  9 goblins
  8 hobgoblins
  4 quokkas
  8 ball pythons
  7 bats
  4 frilled lizards
  9 kobolds
  3 rats
291 creatures vanquished.

Vanquished Creatures (collateral kills)
  Psyche (D:8)
  A troll (D:6)
  Prince Ribbit (D:7)
  A water moccasin (D:7)
  An orc warrior (D:7)
  A phantom (D:6)
  2 bullfrogs
  A gnoll sergeant (D:7)
  2 wights (D:6)
  A killer bee (D:8)
  2 howler monkeys (D:8)
  A centaur zombie (D:8)
  A hound (D:8)
  2 orc wizards (D:7)
  5 gnolls
  2 orcs
  A giant cockroach (D:6)
26 creatures vanquished.

Vanquished Creatures (others)
  An orc warrior (D:9)
  8 fungi
  13 plants
  6 withered plants
28 creatures vanquished.

Grand Total: 345 creatures vanquished

Notes
Turn   | Place    | Note
-------+----------+-------------------------------------------
     0 | D:1      | Kold the Demonspawn Monk began the quest for the Orb.
     0 | D:1      | Reached XP level 1. HP: 18/18 MP: 1/1
   184 | D:1      | Found a faded altar of an unknown god.
   211 | D:1      | Prayed at the altar of an unknown god.
   211 | D:1      | Became a worshipper of Nemelex Xobeh the Trickster
   211 | D:1      | Reached * piety under Nemelex Xobeh
   211 | D:1      | Received a gift from Nemelex Xobeh
   211 | D:1      | Reached ** piety under Nemelex Xobeh
   211 | D:1      | Received a gift from Nemelex Xobeh
   244 | D:1      | Reached skill level 3 in Unarmed Combat
   282 | D:1      | Gained mutation: You are partially covered in slimy green
                  | scales. (AC +2) [demonic ancestry]
   282 | D:1      | Reached XP level 2. HP: 16/24 MP: 2/2
   413 | D:1      | Reached skill level 1 in Invocations
   631 | D:1      | Reached *** piety under Nemelex Xobeh
   981 | D:2      | Identified the +0 buckler of the Peach {rPois Int+4}
  1226 | D:2      | Gained mutation: You are mostly covered in slimy green
                  | scales. (AC +3) [demonic ancestry]
  1226 | D:2      | Reached XP level 3. HP: 29/29 MP: 4/4
  1996 | D:3      | Received a gift from Nemelex Xobeh
  2621 | D:3      | Found a shimmering blue altar of Sif Muna.
  2981 | D:4      | Reached **** piety under Nemelex Xobeh
  3010 | D:4      | Received a gift from Nemelex Xobeh
  3020 | D:4      | Noticed an ogre
  3024 | D:4      | Gained mutation: You regenerate magic rapidly. [demonic
                  | ancestry]
  3024 | D:4      | Reached XP level 4. HP: 35/35 MP: 6/6
  3024 | D:4      | Killed an ogre
  3025 | D:4      | Reached skill level 5 in Invocations
  3025 | D:4      | Reached XP level 5. HP: 41/41 MP: 6/8
  3092 | D:3      | Reached skill level 4 in Unarmed Combat
  3161 | D:4      | Noticed an ogre
  3163 | D:4      | Noticed an acid dragon
  3163 | D:4      | an ogre changed into an acid dragon
  3172 | D:4      | Killed an acid dragon
  3173 | D:4      | Reached XP level 6. HP: 26/47 MP: 10/10
  4476 | D:4      | Gained mutation: You sometimes gain a little power by
                  | taking damage. [demonic ancestry]
  4476 | D:4      | Reached XP level 7. HP: 41/52 MP: 12/12
  4746 | D:5      | Entered Level 5 of the Dungeon
  4995 | D:5      | Found a runed translucent gate.
  4996 | D:5      | Found a runed translucent gate.
  4996 | D:5      | Noticed Jerry's ghost (novice DgFi)
  4997 | D:5      | Found a runed translucent gate.
  5057 | D:5      | Found a broken altar of Ashenzari.
  5097 | D:5      | Reached skill level 5 in Unarmed Combat
  5437 | D:5      | Found a radiant altar of Vehumet.
  6110 | D:5      | Found Cearasch's General Store.
  6120 | D:5      | Bought a potion of curing for 33 gold pieces
  6153 | D:5      | Found a shimmering altar of Xom.
  6355 | D:5      | Reached skill level 10 in Invocations
  6355 | D:5      | Gained mutation: You are robust. (+10% HP) [demonic
                  | ancestry]
  6355 | D:5      | Reached XP level 8. HP: 10/63 MP: 15/15
  6875 | D:6      | Received a gift from Nemelex Xobeh
  6883 | D:6      | Reached skill level 6 in Unarmed Combat
  6898 | D:6      | Reached skill level 7 in Unarmed Combat
  7529 | D:6      | Found a staircase to the Ecumenical Temple.
  7592 | D:6      | Received a gift from Nemelex Xobeh
  7616 | D:6      | Reached skill level 8 in Unarmed Combat
  7620 | D:6      | Learned a level 3 spell: Stone Arrow
  7622 | D:6      | Learned a level 1 spell: Sting
  8052 | D:6      | Gained mutation: You have a small tail. [demonic ancestry]
  8052 | D:6      | Reached XP level 9. HP: 38/69 MP: 16/16
  8364 | D:6      | Reached skill level 9 in Unarmed Combat
  9048 | D:6      | Reached skill level 10 in Unarmed Combat
  9362 | D:6      | Noticed a purple ugly thing
  9362 | D:6      | Noticed a troll
  9371 | D:6      | Killed a troll
  9376 | D:6      | Killed a purple ugly thing
  9377 | D:6      | Reached skill level 11 in Unarmed Combat
  9481 | D:6      | Got the Tome of Earth
  9760 | D:7      | Found an ancient bone altar of Kikubaaqudgha.
 10097 | D:7      | Reached XP level 10. HP: 71/74 MP: 17/17
 10215 | D:7      | Found a runed translucent door.
 10216 | D:7      | Noticed Crazy Yiuf
 10292 | D:7      | Noticed Prince Ribbit
 10308 | D:7      | Killed Prince Ribbit
 10469 | D:7      | Reached skill level 12 in Unarmed Combat
 10669 | D:7      | Killed Crazy Yiuf
 10740 | D:8      | Received a gift from Nemelex Xobeh
 10873 | D:8      | Reached skill level 1 in Transmutations
 10883 | D:8      | Noticed Psyche
 10893 | D:8      | Killed Psyche
 10909 | D:8      | Reached ***** piety under Nemelex Xobeh
 10957 | D:8      | Found a sand-covered staircase.
 10963 | Ossuary  | Entered an ossuary
 11007 | Ossuary  | Learned a level 5 spell: Blade Hands
 11632 | D:8      | Received a gift from Nemelex Xobeh
 11710 | D:8      | Found a sparkling altar of Nemelex Xobeh.
 11843 | D:8      | Found Fimu's Distillery.
 11861 | D:8      | Received a gift from Nemelex Xobeh
 12253 | D:8      | Found a basalt altar of Yredelemnul.
 12516 | D:9      | Noticed an elephant
 12527 | D:8      | Reached skill level 5 in Transmutations
 12704 | D:9      | Received a gift from Nemelex Xobeh
 12788 | D:9      | Found a staircase to the Lair.
 12953 | D:9      | Killed an elephant
 13129 | D:9      | Found a staircase to the Orcish Mines.
 13152 | D:9      | Gained mutation: You sometimes gain power by taking damage.
                  | [demonic ancestry]
 13152 | D:9      | Reached XP level 11. HP: 49/82 MP: 18/18
 13273 | D:9      | Found a hide-covered altar of Uskayaw.
 13453 | D:5      | Killed Jerry's ghost
 13709 | Lair:1   | Entered Level 1 of the Lair of Beasts
 13793 | Lair:1   | Noticed an eight-headed hydra
 13804 | Lair:1   | Killed an eight-headed hydra
 13959 | Lair:1   | Found an ancient bone altar of Kikubaaqudgha.
 13960 | Lair:1   | Received a gift from Nemelex Xobeh
 14744 | Lair:2   | Reached skill level 10 in Transmutations
 15007 | Lair:2   | HP: 1/82 [manticore (4)]
 15007 | Lair:2   | Slain by a basilisk

Illustrated notes

Levels and vault maps discovered:
D:1:      minmay_arrival_stone_box, layout_rooms,
          chequers_ecumenical_altar_island
D:2:      layout_rooms, serial_co_window_serial, co_window_paths_b,
          co_window_paths_b, co_window_of_opportunity_a,
          co_window_of_opportunity_a, co_window_of_opportunity_a,
          co_window_2corner, co_window_corner_b, co_window_corner_b,
          co_window_cross_4, co_window_4corner_a, glass_columns_a,
          glass_columns_c, glass_columns_a
D:3:      layout_basic, mainiacjoe_overflow_six_doors_small
D:4:      layout_basic, minmay_goblin_outpost
D:5:      layout_loops_ring, lemuel_crystal_altar, biasface_ghost_orc_armoury,
          serial_shops, shop, serial_bayou_pond_b, hangedman_feature_mirror
D:6:      kennysheep_windowed_halls, layout_loops_ring,
          minmay_temple_entry_drinking_statues
D:7:      layout_cave_pools, kiku_gazebo_garden_becter,
          chequers_serial_rivers_small_b, uniq_prince_ribbit1,
          uniq_crazy_yiuf_cottage
D:8:      layout_layer_cave, mainiacjoe_overflow_catwalk, kennysheep_ying_yang,
          serial_shops, shop, nicolae_ossuary_entry_ruins, nicolae_two_hexagons,
          kennysheep_pointless_box, uniq_psyche
D:9:      layout_basic, mainiacjoe_overflow_two_lobes, david_lair_generic,
          minmay_orc_entry_temple_small
Lair:1:   layout_roguey, basic_altar, st_stairs_12,
          chequers_serial_rivers_large_b
Lair:2:   hangedman_what_comes_after_a, layout_chaotic_city,
          beast_lair_carwin_1, uniq_fannar

Skill      XL: |  1  2  3  4  5  6  7  8  9 10 11 |
---------------+----------------------------------+-----
Unarmed Combat | 3 4 5 8 11 12 | 12.4
Invocations    | 2 3 5 6 7 10 | 10.0
Transmutations | 6 10 | 10.9
Fighting       | |  3.0
Dodging        | |  2.7
Stealth        | |  1.8

Action                   |  1- 3 |  4- 6 |  7- 9 | 10-12 || total
-------------------------+-------+-------+-------+-------++-------
Melee: Unarmed           |   173 |   161 |   364 |   720 ||  1418
       Punch             |     4 |     3 |    24 |    64 ||    95
       Tailslap          |       |       |    27 |   131 ||   158
 Cast: Blade Hands       |       |       |       |     4 ||     4
Invok: Draw Destruction  |     6 |     6 |    28 |     6 ||    46
       Draw Escape       |     1 |       |     1 |     3 ||     5
       Draw Summoning    |       |       |     2 |     3 ||     5
Evoke: Wand              |       |       |     2 |     4 ||     6
  Use: Scroll            |       |       |    16 |     3 ||    19
       Potion            |       |       |     1 |     2 ||     3
 Stab: Sleeping          |     6 |       |     4 |       ||    10
       Distracted        |       |       |     1 |     1 ||     2
Armor: Robe              |    49 |    74 |   117 |       ||   240
       Troll leather arm |       |       |     4 |   483 ||   487
Dodge: Dodged            |   125 |   122 |   262 |   500 ||  1009
Block: Other             |       |       |       |   132 ||   132
       Reflection        |       |       |       |     2 ||     2
